 Dungeon Crawl Stone Soup version 0.31-a0-1101-g9ad1905e61 (webtiles) character file.

Game seed: 12035056032211350677

565 Dirtsage the Changeling (level 7, -3/47 HPs)
             Began as an Octopode Shapeshifter on Dec 1, 2023.
             Slain by a wyvern zombie (9 damage)
             ... in an ossuary.
             The game lasted 00:05:53 (2921 turns).

Dirtsage the Changeling (Octopode Shapeshifter)     Turns: 2921, Time: 00:05:54

Health: -3/47      AC:  1    Str: 13    XL:     7   Next: 32%
Magic:  7/7        EV: 13    Int: 13    God:
Gold:   111        SH:  0    Dex: 13    Spells: 6/6 levels left

rFire   . .          .
                       - Unarmed
rCold   . . .        (no shield)
rNeg    . . .        (helmet currently unavailable)
rPois   .            (no amulet)
rElec   .            C - ring of resist corrosion
rCorr   +            (no ring)
SInv    .            (no ring)
Will    .....        (no ring)
Stlth   ++           (no ring)
HPRegen 0.27/turn    (no ring)
MPRegen 0.10/turn    (no ring)
                     (no ring)

%: no passive effects
@: beast-form
A: beast (slay +3), almost no armour, amphibious, 8 rings, camouflage 1,
gelatinous body 1, (nimble swimmer 1), tentacles
a: Begin Untransformation


You were in an ossuary.
You were a hulking beast.
You visited 1 branch of the dungeon, and saw 4 of its levels.
You also visited: Ossuary.

You collected 171 gold pieces.
You spent 60 gold pieces at shops.

Inventory:

Magical Staves
 h - a staff of conjuration
Jewellery
 m - a ring of ice
 o - a ring of ice
 C - a ring of resist corrosion (left tentacle)
Talismans
 b - a beast talisman
 c - a flux talisman
Scrolls
 d - a scroll of immolation
 g - a scroll of revelation
 i - a scroll of identify
 k - 3 scrolls of amnesia
 n - 3 scrolls of enchant armour
 t - 3 scrolls of teleportation
Potions
 a - a potion of lignification
 e - 3 potions of berserk rage {unknown}
 f - 3 potions of mutation {unknown}
 j - a potion of brilliance
 l - 2 potions of attraction {unknown}
 p - a potion of invisibility {unknown}
 q - 3 potions of curing


   Skills:
 + Level 3.7 Fighting
 - Level 2.0 Dodging
 + Level 4.7 Unarmed Combat
 * Level 5.8 Shapeshifting


You had 6 spell levels left.
You didn't know any spells.
Your spell library contained the following spells:

 Spells                   Type           Power      Damage    Failure   Level
 Necrotise                Necr           0%         1d4       30%         1
 Slow                     Hex            0%         N/A       30%         1
 Confusing Touch          Hex            0%         N/A       67%         3
 Sigil of Binding         Hex            0%         N/A       67%         3
 Vampiric Draining        Necr           0%         2d6       67%         3
 Animate Dead             Necr           0%         N/A       97%         4
 Agony                    Necr           0%         N/A       100%        5
 Haunt                    Necr/Summ      0%         N/A       100%        7
 Infestation              Necr           0%         N/A       100%        8


Dungeon Overview and Level Annotations

Branches:
Dungeon (4/15)            Ossuary (1/1)
 Temple: D:4-7

Altars:
Zin

Shops:
D:1 *?   D:2 (

Annotations:
D:4 gruber's ghost, novice MiHu


Innate Abilities, Weirdness & Mutations

You are a hulking beast.
Your limbs bulge with bestial killing power. (Slay +3)
You cannot wear most types of armour.
You are amphibious.
You can wear up to eight rings at the same time.
Your skin changes colour to match your surroundings (Stealth+).
Your rubbery body absorbs attacks. (AC +1, EV +1)
((You are camouflaged when in or above water. (Stealth+)))
You have tentacles for arms and can constrict up to eight enemies at once.


Message History

You take 7 damage, and have 38/46 hp.
You tentacle-slap the mummy.
The mummy is almost destroyed.
You constrict the mummy.
You destroy the mummy!
You open the door. You open the door.
A bullfrog zombie comes into view.
You tentacle-slap the bullfrog zombie. You grab the bullfrog zombie.
The bullfrog zombie is lightly damaged.
You constrict the bullfrog zombie. The bullfrog zombie hits you.
A wyvern zombie comes into view.
You take 6 damage, and have 33/46 hp.
You bludgeon the bullfrog zombie!
The bullfrog zombie is moderately damaged.
You constrict the bullfrog zombie. The bullfrog zombie closely misses you.
The bullfrog zombie misses you.
You bludgeon the bullfrog zombie! You squeeze the bullfrog zombie!
The bullfrog zombie is almost destroyed.
You constrict the bullfrog zombie. The bullfrog zombie hits you.
You take 4 damage, and have 29/46 hp.
You bludgeon the bullfrog zombie!
You destroy the bullfrog zombie!
The wyvern zombie closely misses you.
You bludgeon the wyvern zombie!
The wyvern zombie is moderately damaged.
The wyvern zombie misses you. The wyvern zombie bites you!
You take 8 damage, and have 22/47 hp.
You bludgeon the wyvern zombie!
The wyvern zombie is heavily damaged.
The wyvern zombie bites you!
* * * LOW HITPOINT WARNING * * *
You take 16 damage, and have 6/47 hp.
MASSIVE DAMAGE!!
You tentacle-slap the wyvern zombie. You squeeze the wyvern zombie.
The wyvern zombie is severely damaged.
The wyvern zombie completely misses you.
You tentacle-slap the wyvern zombie. You squeeze the wyvern zombie.
The wyvern zombie is almost destroyed.
The wyvern zombie bites you!
You die...

# #.
'#+## ..'
### #Z###
#?!!#h'.#
#?=?'.###
#?!!#.'.#
#####.###
+.+
#####.#
#∩..#.+
#.∩.'.#
#...#.+


You could see a wyvern zombie.

Vanquished Creatures
  Sigmund (D:3)
  A scorpion (D:4)
  2 bullfrog zombies (Ossuary)
  Jessica (D:2)
  An iguana (D:4)
  A howler monkey zombie (Ossuary)
  5 mummies
  5 gnolls (D:4)
  4 adders
  A worm (D:2)
  4 endoplasms
  A giant cockroach (D:1)
  8 goblins
  5 hobgoblins
  5 jackals
  9 kobolds
  2 quokkas (D:1)
  11 ball pythons
  2 bats
  2 frilled lizards (D:1)
  A goblin zombie (D:4)
  A kobold zombie (D:4)
  9 rats
82 creatures vanquished.

Notes
Turn   | Place    | Note
-------+----------+-------------------------------------------
     0 | D:1      | Dirtsage the Octopode Shapeshifter began the quest for the
                  | Orb.
     0 | D:1      | Reached XP level 1. HP: 13/13 MP: 1/1
    56 | D:1      | Reached XP level 2. HP: 16/18 MP: 2/2
   389 | D:1      | Found a faded altar of an unknown god.
   411 | D:1      | Reached XP level 3. HP: 22/23 MP: 3/3
   531 | D:1      | Found Wyuqeist's General Store.
   535 | D:1      | Bought a scroll of identify for 24 gold pieces
   535 | D:1      | Bought a scroll of teleportation for 36 gold pieces
   543 | D:1      | Found Tipibery's Magic Scroll Boutique.
   782 | D:2      | Found Zihoch's Antique Weapon Emporium.
   983 | D:2      | Noticed Jessica
   990 | D:2      | Killed Jessica
   991 | D:2      | Reached XP level 4. HP: 23/29 MP: 4/4
  1306 | D:2      | Reached skill level 4 in Shapeshifting
  1757 | D:3      | Reached XP level 5. HP: 34/34 MP: 5/5
  2115 | D:3      | Noticed Sigmund
  2125 | D:3      | Killed Sigmund
  2126 | D:3      | Reached skill level 5 in Shapeshifting
  2126 | D:3      | Reached XP level 6. HP: 39/42 MP: 6/6
  2665 | D:4      | Noticed gruber's ghost (novice MiHu)
  2665 | D:4      | Noticed an ice beast
  2789 | D:4      | Found a glowing silver altar of Zin.
  2815 | D:4      | Found a sand-covered staircase.
  2820 | D:4      | Reached XP level 7. HP: 43/46 MP: 7/7
  2874 | Ossuary  | Entered an ossuary
  2921 | Ossuary  | Slain by a wyvern zombie

Illustrated notes

Levels and vault maps discovered:
D:1:      dpeg_arrival_ratfight, layout_rooms, serial_glass, glass_columns_a,
          glass_columns_a, shapermc_ecumenical_altar_flowoftime, serial_shops,
          shop_fountains, shop, supply_closet_lemuel,
          chequers_serial_rivers_large_b
D:2:      layout_loops_corners, serial_shops, shop, serial_rivers,
          chequers_serial_rivers_room_b, chequers_serial_rivers_small_b,
          chequers_serial_rivers_micro_c, chequers_serial_rivers_micro_a,
          chequers_serial_rivers_small_a, minmay_small_reverse_x, uniq_jessica
D:3:      layout_basic, uniq_sigmund
D:4:      layout_loops_ring, kennysheep_mini, doesnt_xom_only_xom,
          nicolae_ossuary_entry_giza, gammafunk_ghost_icy,
          gup_sewer_entry_spiral
Ossuary:  ossuary_zaba_flooded

Skill      XL: |  1  2  3  4  5 |
---------------+----------------+-----
Fighting       | 2 3 |  3.7
Shapeshifting  | 4 5 |  5.8
Unarmed Combat | 4 |  4.7
Dodging        | |  2.0

Action                     |  1- 3 |  4- 6 |  7- 9 || total
---------------------------+-------+-------+-------++-------
  Melee: Unarmed           |    67 |    72 |    33 ||   172
         Constrict         |    13 |    22 |     8 ||    43
         Tentacles         |    10 |    18 |    12 ||    40
         Punch             |     1 |     3 |       ||     4
    Use: Potion            |       |     1 |       ||     1
         Scroll            |       |     5 |       ||     5
   Stab: Sleeping          |     2 |     6 |     1 ||     9
         Distracted        |     1 |       |       ||     1
 Armour: Skin              |    23 |    22 |     9 ||    54
  Dodge: Dodged            |    45 |    43 |    11 ||    99

Table legend: (Time is in decaauts)
 A = Elapsed time spent in this place.
 B = Non-inter-level travel time spent in this place.
 C = Inter-level travel time spent in this place.
 D = Time resting spent in this place.
 E = Time spent auto-exploring this place.
 F = Levels seen in this place.
 G = Mean time per level.
                   A        B        C        D        E       F      G
               +--------+--------+--------+--------+--------+-----+--------+
         Total |   2907 |   2841 |     66 |      0 |   2230 |   5 |  581.4 |
       Dungeon |   2862 |   2796 |     66 |      0 |   2228 |   4 |  715.5 |
       Ossuary |     44 |     44 |      0 |      0 |      2 |   1 |   44.0 |
               +--------+--------+--------+--------+--------+-----+--------+

Top non-repeatable levels by time:
     D:3: 1023 daAuts
     D:2: 937 daAuts
     D:1: 681 daAuts
     D:4: 219 daAuts
 Ossuary: 44 daAuts
